TOP OF THE 1ST |
San Jose Giants batting - Pitching for Jacksonville Suns : RHP Jorge Lara
|
Pitching: RHP Jorge Lara
|
|
Batting: RHB Tony Mendez
|
0-0: Bunt missed! 0-1: Ball 1-1: Called Strike 1-2: Ground out 6-3 (Groundball, 6, EV 77.5 MPH)
|
Batting: RHB Billy Pranger
|
0-0: Ball 1-0: Fly out, F8 (Flyball, 8LD, EV 92.5 MPH)
|
Batting: LHB Ryan Braden
|
0-0: Ball 1-0: Ball 2-0: Called Strike 2-1: Called Strike 2-2: Ball 3-2: Foul Ball, location: 2F 3-2: Foul Ball, location: 2F 3-2: Base on Balls
|
Batting: LHB Mike Roberts
|
0-0: Ball 1-0: Called Strike 1-1: Called Strike 1-2: Ball 2-2: Ground out 4-3 (Groundball, 4, EV 100.6 MPH)
|
Top of the 1st over - 0 runs, 0 hits, 0 errors, 1 left on base; San Jose 0 - Jacksonville 0 |
BOTTOM OF THE 1ST |
Jacksonville Suns batting - Pitching for San Jose Giants : RHP Jim Sprayberry
|
Pitching: RHP Jim Sprayberry
|
|
Batting: RHB Akira Suzuki
|
0-0: Ball 1-0: Foul Ball, location: 2F 1-1: SINGLE (Groundball, 25, EV 73.1 MPH) (infield hit)
|
Batting: RHB Reomel Somera
|
0-0: Foul Ball, location: 2F 0-1: Foul Ball, location: 2F 0-2: Ball 1-2: Foul Ball, location: 2F 1-2: Fly out, F5 (Popup, 5SF, EV 84.4 MPH)
|
Batting: RHB Jack Power
|
0-0: SINGLE (Groundball, 56D, EV 107.5 MPH) Akira Suzuki to second
|
Batting: LHB Dong-u Chang
|
0-0: Foul Ball, location: 2F 0-1: Swinging Strike 0-2: Ball 1-2: SINGLE (Line Drive, 8LS, EV 104.4 MPH) Akira Suzuki to third Jack Power to second
|
Batting: LHB Orlando Rivera
|
0-0: Ball 1-0: Ball 2-0: SINGLE (Groundball, 56D, EV 105.6 MPH) Akira Suzuki scores Jack Power to third Dong-u Chang to second
|
Batting: LHB Matt McKeon
|
0-0: Foul Ball, location: 2F 0-1: Ball 1-1: Foul Ball, location: 2F 1-2: Ball 2-2: Strikes out swinging
|
Batting: RHB Len Graham
|
0-0: Called Strike 0-1: Ball 1-1: Foul Ball, location: 2F 1-2: Strikes out looking
|
Bottom of the 1st over - 1 run, 4 hits, 0 errors, 3 left on base; San Jose 0 - Jacksonville 1 |
TOP OF THE 2ND |
San Jose Giants batting - Pitching for Jacksonville Suns : RHP Jorge Lara
|
Batting: RHB Guillermo Mojica
|
0-0: Ball 1-0: Called Strike 1-1: Foul Ball, location: 2F 1-2: Ball 2-2: Ball 3-2: Fly out, F8 (Flyball, 8RD, EV 99.4 MPH)
|
Batting: RHB Mike Zepeda
|
0-0: Ball 1-0: Ground out 5-3 (Groundball, 56S, EV 85.6 MPH)
|
Batting: LHB Steve Nevis
|
0-0: Ball 1-0: Called Strike 1-1: Ball 2-1: SINGLE (Line Drive, 56D, EV 108.1 MPH)
|
Batting: LHB Yeong-hun Joe
|
0-0: Called Strike 0-1: Ball 1-1: Ground out 4-3 (Groundball, 4, EV 83.8 MPH)
|
Top of the 2nd over - 0 runs, 1 hit, 0 errors, 1 left on base; San Jose 0 - Jacksonville 1 |
BOTTOM OF THE 2ND |
Jacksonville Suns batting - Pitching for San Jose Giants : RHP Jim Sprayberry
|
Batting: RHB Larry LeFever
|
0-0: Swinging Strike 0-1: Ground out 4-3 (Groundball, 4M, EV 95.0 MPH)
|
Batting: RHB Chris Alft
|
0-0: Ball 1-0: Called Strike 1-1: Ball 2-1: Swinging Strike 2-2: Ball 3-2: Base on Balls
|
Batting: RHB Akira Suzuki
|
0-0: Ball 1-0: SINGLE (Groundball, 56D, EV 95.6 MPH) Chris Alft to second
|
Batting: RHB Reomel Somera
|
0-0: Called Strike 0-1: Ball 1-1: Foul Ball, location: 2F 1-2: Strikes out looking
|
Batting: RHB Jack Power
|
0-0: Ball 1-0: Ball 2-0: Foul Ball, location: 2F 2-1: Swinging Strike 2-2: 3-RUN HOME RUN (Flyball, 7D, EV 100.0 MPH), Distance : 381 ft
|
Batting: LHB Dong-u Chang
|
0-0: Foul Ball, location: 2F 0-1: Called Strike 0-2: Strikes out swinging
|
Bottom of the 2nd over - 3 runs, 2 hits, 0 errors, 0 left on base; San Jose 0 - Jacksonville 4 |
TOP OF THE 3RD |
San Jose Giants batting - Pitching for Jacksonville Suns : RHP Jorge Lara
|
Batting: RHB Adam Noyes
|
0-0: Called Strike 0-1: Ball 1-1: Ground out 3-1 (Groundball, 34S, EV 67.5 MPH)
|
Batting: RHB Tony Mendez
|
0-0: Ball 1-0: Ball 2-0: Ball 3-0: Called Strike 3-1: SINGLE (Line Drive, 89S, EV 96.2 MPH)
|
Batting: RHB Billy Pranger
|
0-0: Called Strike Tony Mendez steals 2nd base 0-1: Ball 1-1: Called Strike 1-2: Ball 2-2: Ball 3-2: Strikes out swinging
|
Batting: LHB Ryan Braden
|
0-0: SINGLE (Groundball, 6M, EV 101.9 MPH) (infield hit) Tony Mendez to third
|
Batting: LHB Mike Roberts
|
0-0: Called Strike Ryan Braden steals 2nd base 0-1: Called Strike 0-2: Ball 1-2: Ball 2-2: Foul Ball, location: 2F 2-2: Ball 3-2: Base on Balls
|
Batting: RHB Guillermo Mojica
|
0-0: Fielders Choice at 2nd, 6-4 (Groundball, 6, EV 91.2 MPH)
|
Top of the 3rd over - 0 runs, 2 hits, 0 errors, 3 left on base; San Jose 0 - Jacksonville 4 |
BOTTOM OF THE 3RD |
Jacksonville Suns batting - Pitching for San Jose Giants : RHP Jim Sprayberry
|
Batting: LHB Orlando Rivera
|
0-0: Ball 1-0: Ground out 4-3 (Groundball, 4, EV 88.8 MPH)
|
Batting: LHB Matt McKeon
|
0-0: Foul Ball, location: 2F 0-1: SOLO HOME RUN (Flyball, 9D, EV 100.0 MPH), Distance : 407 ft
|
Batting: RHB Len Graham
|
0-0: Ball 1-0: Ball 2-0: Ball 3-0: Called Strike 3-1: Foul Ball, location: 2F 3-2: SINGLE (Groundball, 5S, EV 73.1 MPH) (infield hit)
|
Pitching: RHP Steve Ryals
|
|
Batting: RHB Larry LeFever
|
0-0: Ball 1-0: Foul Ball, location: 2F 1-1: Foul Ball, location: 2F 1-2: DOUBLE (Line Drive, 7LS, EV 96.9 MPH) Len Graham to third
|
Batting: RHB Chris Alft
|
0-0: Called Strike 0-1: Called Strike 0-2: Ball 1-2: Ball 2-2: Strikes out swinging
|
Batting: RHB Akira Suzuki
|
0-0: Ball Wild Pitch! Len Graham scores Larry LeFever to third 1-0: Ball 2-0: Called Strike 2-1: Ball 3-1: Ground out 1-3 (Groundball, 13S, EV 61.2 MPH)
|
Bottom of the 3rd over - 2 runs, 3 hits, 0 errors, 1 left on base; San Jose 0 - Jacksonville 6 |
TOP OF THE 4TH |
San Jose Giants batting - Pitching for Jacksonville Suns : RHP Jorge Lara
|
Batting: RHB Mike Zepeda
|
0-0: Ball 1-0: SINGLE (Line Drive, 9S, EV 92.5 MPH)
|
Batting: LHB Steve Nevis
|
0-0: Fly out, F5 (Line Drive, 5L, EV 73.8 MPH)
|
Batting: LHB Yeong-hun Joe
|
0-0: Swinging Strike 0-1: Called Strike Mike Zepeda steals 2nd base (no throw) 0-2: Ball 1-2: Ball 2-2: Strikes out swinging
|
Batting: RHB Adam Noyes
|
0-0: SINGLE (Groundball, 56D, EV 100.0 MPH) Mike Zepeda to third
|
Batting: RHB Tony Mendez
|
0-0: Called Strike 0-1: SINGLE (Line Drive, 9S, EV 105.6 MPH) Mike Zepeda scores Adam Noyes to second
|
Batting: RHB Billy Pranger
|
0-0: Fielders Choice at 2nd, 5-4 (Groundball, 56, EV 90.0 MPH)
|
Top of the 4th over - 1 run, 3 hits, 0 errors, 2 left on base; San Jose 1 - Jacksonville 6 |
BOTTOM OF THE 4TH |
Jacksonville Suns batting - Pitching for San Jose Giants : RHP Steve Ryals
|
Batting: RHB Reomel Somera
|
0-0: Foul Ball, location: 2F 0-1: Ball 1-1: Called Strike 1-2: Strikes out swinging
|
Batting: RHB Jack Power
|
0-0: Ball 1-0: Swinging Strike 1-1: Ball 2-1: Ground out 6-3 (Groundball, 6, EV 89.4 MPH)
|
Batting: LHB Dong-u Chang
|
0-0: Ball 1-0: Ball 2-0: Ball 3-0: Base on Balls
|
Batting: LHB Orlando Rivera
|
0-0: Ball 1-0: SINGLE (Line Drive, 8RS, EV 106.9 MPH) Dong-u Chang to second
|
Batting: LHB Matt McKeon
|
0-0: Ball 1-0: Ball 2-0: Foul Ball, location: 2F 2-1: Foul Ball, location: 2F 2-2: Ball 3-2: Base on Balls Dong-u Chang to third Orlando Rivera to second
|
Batting: RHB Len Graham
|
0-0: Foul Ball, location: 2F 0-1: Ball Wild Pitch! Dong-u Chang scores Orlando Rivera to third Matt McKeon to second 1-1: Called Strike 1-2: Ball 2-2: Ball 3-2: Base on Balls
|
Batting: RHB Larry LeFever
|
0-0: Called Strike 0-1: Foul Ball, location: 2F 0-2: Foul Ball, location: 2F 0-2: Ball 1-2: Ball 2-2: Foul Ball, location: 2F 2-2: Foul Ball, location: 2F 2-2: Foul Ball, location: 2F 2-2: Foul Ball, location: 2F 2-2: Ball 3-2: Fly out, F8 (Line Drive, 8LS, EV 99.4 MPH)
|
Bottom of the 4th over - 1 run, 1 hit, 0 errors, 3 left on base; San Jose 1 - Jacksonville 7 |
TOP OF THE 5TH |
San Jose Giants batting - Pitching for Jacksonville Suns : RHP Jorge Lara
|
Batting: LHB Ryan Braden
|
0-0: Swinging Strike 0-1: Swinging Strike 0-2: Strikes out swinging
|
Batting: LHB Mike Roberts
|
0-0: Swinging Strike 0-1: Swinging Strike 0-2: Ground out 3-1 (Groundball, 34, EV 83.8 MPH)
|
Batting: RHB Guillermo Mojica
|
0-0: Called Strike 0-1: Foul Ball, location: 2F 0-2: Ball 1-2: DOUBLE (Line Drive, 78XD, EV 101.2 MPH)
|
Batting: RHB Mike Zepeda
|
0-0: Ball 1-0: Ball 2-0: Called Strike 2-1: Fly out, F9 (Line Drive, 9S, EV 85.6 MPH)
|
Top of the 5th over - 0 runs, 1 hit, 0 errors, 1 left on base; San Jose 1 - Jacksonville 7 |
BOTTOM OF THE 5TH |
Jacksonville Suns batting - Pitching for San Jose Giants : RHP Steve Ryals
|
Batting: RHB Chris Alft
|
0-0: Ball 1-0: Called Strike 1-1: SINGLE (Flyball, 6MD, EV 80.6 MPH)
|
Batting: RHB Akira Suzuki
|
0-0: Called Strike 0-1: Ball 1-1: Foul Ball, location: 2F 1-2: Strikes out swinging
|
Batting: RHB Reomel Somera
|
0-0: Called Strike 0-1: DOUBLE (Line Drive, 9LS, EV 100.6 MPH) Chris Alft to third
|
Batting: RHB Jack Power
|
0-0: Swinging Strike 0-1: Hit by Pitch
|
Batting: LHB Dong-u Chang
|
0-0: Fly out, F7 (Flyball, 78M, EV 93.8 MPH)
|
Batting: LHB Orlando Rivera
|
0-0: Called Strike 0-1: Ball 1-1: Foul Ball, location: 2F 1-2: Strikes out looking
|
Bottom of the 5th over - 0 runs, 2 hits, 0 errors, 3 left on base; San Jose 1 - Jacksonville 7 |
TOP OF THE 6TH |
San Jose Giants batting - Pitching for Jacksonville Suns : RHP Jorge Lara
|
Batting: LHB Steve Nevis
|
0-0: Ball 1-0: Ground out U3 (Groundball, 3, EV 102.5 MPH)
|
DELAY
|
Rain delay of 16 minutes in the 6th inning.
|
Batting: LHB Yeong-hun Joe
|
0-0: Ball 1-0: Called Strike 1-1: Ball 2-1: Swinging Strike 2-2: Foul Ball, location: 2F 2-2: Strikes out swinging
|
Batting: RHB Adam Noyes
|
0-0: Ball 1-0: Swinging Strike 1-1: Ball 2-1: Ball 3-1: TRIPLE (Line Drive, 78XD, EV 102.5 MPH)
|
Pitching: RHP Earl Shepherd
|
|
Batting: RHB Tony Mendez
|
0-0: Foul Ball, location: 2F 0-1: Called Strike 0-2: Ball 1-2: Strikes out swinging
|
Top of the 6th over - 0 runs, 1 hit, 0 errors, 1 left on base; San Jose 1 - Jacksonville 7 |
BOTTOM OF THE 6TH |
Jacksonville Suns batting - Pitching for San Jose Giants : RHP Steve Ryals
|
Batting: LHB Matt McKeon
|
0-0: Ball 1-0: Ball 2-0: Ground out 6-3 (Groundball, 6, EV 101.2 MPH)
|
Pitching: RHP Kohsuke Naito
|
|
Batting: RHB Len Graham
|
0-0: Fly out, F9 (Line Drive, 89S, EV 93.1 MPH)
|
Batting: RHB Larry LeFever
|
0-0: Ball 1-0: Fly out, F7 (Flyball, 7LSF, EV 85.6 MPH)
|
Bottom of the 6th over - 0 runs, 0 hits, 0 errors, 0 left on base; San Jose 1 - Jacksonville 7 |
TOP OF THE 7TH |
San Jose Giants batting - Pitching for Jacksonville Suns : RHP Earl Shepherd
|
Batting: RHB Billy Pranger
|
0-0: Foul Ball, location: 2F 0-1: Swinging Strike 0-2: Ball 1-2: Strikes out swinging
|
Batting: LHB Ryan Braden
|
0-0: Ball 1-0: Ball 2-0: Called Strike 2-1: Foul Ball, location: 2F 2-2: Strikes out swinging
|
Batting: LHB Mike Roberts
|
0-0: Foul Ball, location: 2F 0-1: Ball 1-1: Ball 2-1: Foul Ball, location: 2F 2-2: TRIPLE (Flyball, 89XD, EV 106.2 MPH)
|
Batting: RHB Guillermo Mojica
|
0-0: Foul Ball, location: 2F 0-1: Called Strike 0-2: Foul Ball, location: 2F 0-2: Ball 1-2: Fly out, F9 (Flyball, 9D, EV 93.8 MPH)
|
Top of the 7th over - 0 runs, 1 hit, 0 errors, 1 left on base; San Jose 1 - Jacksonville 7 |
BOTTOM OF THE 7TH |
Jacksonville Suns batting - Pitching for San Jose Giants : RHP Kohsuke Naito
|
Batting: RHB Chris Alft
|
0-0: Ball 1-0: Swinging Strike 1-1: Swinging Strike 1-2: Strikes out swinging
|
Batting: RHB Akira Suzuki
|
0-0: Called Strike 0-1: Swinging Strike 0-2: Ball 1-2: Ball 2-2: Foul Ball, location: 2F 2-2: Ground out 5-3 (Groundball, 5D, EV 88.1 MPH)
|
Batting: RHB Reomel Somera
|
0-0: Ball 1-0: Foul Ball, location: 2F 1-1: Ball 2-1: Ball 3-1: SINGLE (Line Drive, 6D, EV 97.5 MPH)
|
Batting: RHB Jack Power
|
0-0: Ball 1-0: Fielders Choice at 2nd, 6-4 (Groundball, 6, EV 84.4 MPH)
|
Bottom of the 7th over - 0 runs, 1 hit, 0 errors, 1 left on base; San Jose 1 - Jacksonville 7 |
TOP OF THE 8TH |
San Jose Giants batting - Pitching for Jacksonville Suns : RHP Earl Shepherd
|
Batting: RHB Mike Zepeda
|
0-0: Called Strike 0-1: Foul Ball, location: 2F 0-2: Ball 1-2: Ball 2-2: Foul Ball, location: 2F 2-2: Ground out 1-3 (Groundball, 13S, EV 69.4 MPH)
|
Batting: LHB Steve Nevis
|
0-0: SINGLE (Line Drive, 6MD, EV 98.1 MPH)
|
Batting: LHB Yeong-hun Joe
|
0-0: Ball 1-0: Called Strike 1-1: Swinging Strike 1-2: Strikes out swinging
|
Batting: RHB Adam Noyes
|
0-0: Ball 1-0: Ball 2-0: Called Strike 2-1: Ball 3-1: Base on Balls Steve Nevis to second
|
Batting: RHB Tony Mendez
|
0-0: Swinging Strike 0-1: SINGLE (Line Drive, 78S, EV 93.8 MPH) Steve Nevis to third Adam Noyes to second Runner from 3rd tries for Home, SAFE, throw by LF to home
|
Batting: RHB Billy Pranger
|
0-0: Called Strike 0-1: 3-RUN HOME RUN (Flyball, 7LD, EV 98.8 MPH), Distance : 367 ft
|
Pitching: RHP Alberto Negrete
|
|
Batting: LHB Ryan Braden
|
0-0: Called Strike 0-1: Ball 1-1: SINGLE (Groundball, 34D, EV 100.6 MPH) (infield hit)
|
Batting: LHB Mike Roberts
|
0-0: Called Strike 0-1: Ball 1-1: Ball 2-1: Ball Pickoff Throw by Catcher to First - Error! E2 Ryan Braden to second 3-1: Called Strike 3-2: Strikes out looking
|
Top of the 8th over - 4 runs, 4 hits, 1 error, 1 left on base; San Jose 5 - Jacksonville 7 |
BOTTOM OF THE 8TH |
Jacksonville Suns batting - Pitching for San Jose Giants : RHP Kohsuke Naito
|
Pitching: RHP Julio Arteaga
|
|
Batting: LHB Dong-u Chang
|
0-0: Ground out 5-3 (Groundball, 56, EV 85.6 MPH)
|
Batting: LHB Orlando Rivera
|
0-0: Swinging Strike 0-1: Ball 1-1: Foul Ball, location: 2F 1-2: Foul Ball, location: 2F 1-2: Strikes out swinging, 2-3 out at first.
|
Batting: LHB Matt McKeon
|
0-0: Foul Ball, location: 2F 0-1: Swinging Strike 0-2: Ball 1-2: Fly out, F8 (Flyball, 8RM, EV 96.2 MPH)
|
Bottom of the 8th over - 0 runs, 0 hits, 0 errors, 0 left on base; San Jose 5 - Jacksonville 7 |
TOP OF THE 9TH |
San Jose Giants batting - Pitching for Jacksonville Suns : RHP Alberto Negrete
|
Pitching: RHP Cory Levine
|
|
Batting: RHB Guillermo Mojica
|
0-0: Ball 1-0: Ground out 2-3 (Groundball, 2L, EV 64.4 MPH)
|
Batting: RHB Mike Zepeda
|
0-0: Ball 1-0: Foul Ball, location: 2F 1-1: Ground out 6-3 (Groundball, 6, EV 105.0 MPH)
|
Batting: LHB Steve Nevis
|
0-0: Foul Ball, location: 2F 0-1: Ball 1-1: Ground out 4-3 (Groundball, 34, EV 83.8 MPH)
|
Top of the 9th over - 0 runs, 0 hits, 0 errors, 0 left on base; San Jose 5 - Jacksonville 7 |
|